 Dungeon Crawl Stone Soup version 0.30.1-9-gdf580d7c3d (webtiles) character file.

Game seed: 15664379715077433393

6338 KittyFluff the Protected (level 10, 0/64 HPs)
             Began as a Gargoyle Berserker on Oct 8, 2023.
             Was a High Priest of Trog.
             Slain by a manticore (12 damage)
             ... on level 7 of the Dungeon.
             The game lasted 00:42:57 (8509 turns).

KittyFluff the Protected (Gargoyle Berserker)       Turns: 8509, Time: 00:42:58

Health: 0/64       AC: 20    Str: 24    XL:     10   Next: 96%
Magic:  10/10      EV: 18    Int:  9    God:    Trog [*****.]
Gold:   553        SH:  5    Dex:  9    Spells: 9/9 levels left

rFire   . . .        h - +1 flail (drain)
rCold   . . .        (no shield)
rNeg    + . .        K - +0 steam dragon scales
rPois   ∞            y - +0 helmet
rElec   +            R - +2 cloak
rCorr   .            s - +0 pair of gloves
SInv    .            (no boots)
Will    .....        o - amulet of reflection
Stlth   +            p - ring of flight
HPRegen 0.30/turn    g - +5 ring of evasion
MPRegen 0.12/turn

%: reflection
@: flying
A: sickness immunity, AC +7, negative energy resistance 1, electricity
resistance, torment resistance 1, petrification resistance
a: Renounce Religion, Berserk, Trog's Hand, Brothers in Arms


You were on level 7 of the Dungeon.
You worshipped Trog.
Trog was extremely pleased with you.
You visited 1 branch of the dungeon, and saw 7 of its levels.
You also visited: Ossuary and Bailey.

You collected 553 gold pieces.

Inventory:

Hand Weapons
 h - a +1 flail of draining (weapon)
 i - a +0 quarterstaff
 z - a +0 sling
 N - a +0 morningstar
Missiles
 k - 16 poisoned darts
 M - 2 atropa-tipped darts
 O - 7 boomerangs (quivered)
 T - 29 javelins
Armour
 a - a +0 crystal plate armour
 s - a +0 pair of gloves (worn)
 y - a +0 helmet (worn)
 E - the +1 ring mail of Grand Salvation {+Inv Dex+4}
   (You found it on level 4 of the Dungeon)

   Dex:       It affects your dexterity (+4).
   +Inv:      It lets you turn invisible.
 K - +0 steam dragon scales (worn)
 R - a +2 cloak (worn)
Jewellery
 f - a ring of see invisible
 g - a +5 ring of evasion (right hand)
 m - a ring of fire
 o - an amulet of reflection (around neck)
 p - a ring of flight (left hand)
 Q - a ring of positive energy
 S - a ring of protection from cold
Wands
 J - a wand of quicksilver (4)
Scrolls
 c - 4 scrolls of enchant armour
 d - 3 scrolls of immolation {unknown}
 e - 2 scrolls of magic mapping {unknown}
 j - a scroll of acquirement {unknown}
 n - 3 scrolls of teleportation {unknown}
 q - 2 scrolls of enchant weapon {unknown}
 t - 2 scrolls of brand weapon {unknown}
 A - 3 scrolls of fear
 B - 3 scrolls of noise {unknown}
 F - a scroll of torment {unknown}
 G - a scroll of amnesia {unknown}
 I - 2 scrolls of fog {unknown}
 L - 3 scrolls of vulnerability {unknown}
 P - 2 scrolls of summoning {unknown}
Potions
 b - 2 potions of curing
 l - 3 potions of attraction
 r - 4 potions of flight
 v - a potion of cancellation
 w - 3 potions of lignification
 x - a potion of magic {unknown}
 C - a potion of degeneration {unknown}
 D - 3 potions of heal wounds {unknown}
 H - 2 potions of mutation {unknown}


   Skills:
 + Level 8.2 Fighting
 * Level 9.1 Maces & Flails
 + Level 5.0 Ranged Weapons
 * Level 9.6 Armour
 + Level 5.8 Dodging


You had 9 spell levels left.
You didn't know any spells.
Your spell library was empty.

Dungeon Overview and Level Annotations

Branches:
Dungeon (7/15)             Temple (0/1) D:4         Ossuary (visited)
 Bailey (visited)

Altars:
Ashenzari
Dithmenos
Nemelex Xobeh
Uskayaw

Shops:
D:1 =(*

Annotations:
D:4 3 runed translucent doors, ShellytheWitch's ghost, novice KoBr


Innate Abilities, Weirdness & Mutations

You are immune to sickness and miasma.
Your stone body is resilient. (AC +7)
You are immune to poison.
You resist negative energy. (rN+)
You are resistant to electric shocks. (rElec)
You are resistant to unholy torment.
You are immune to petrification.


Message History

The deep elf pyromancer blinks!
The yak closely misses you.
You hit the yak.
The yak is severely wounded.
A nearby plant withers and dies.
The yak misses you.
You barely miss the yak.
The yak is severely wounded.
The yak gores you!
You sock the yak! You drain the yak.
You kill the yak!
Trog accepts your kill.
The deep elf pyromancer casts a spell.
The manticore flicks its tail.
The volley of spikes hits you!
The barbed spikes become lodged in your body.
* * * LOW HITPOINT WARNING * * *
You feel better.
The manticore flicks its tail.
The volley of spikes hits you but does no damage.
You sock the manticore! You drain the manticore.
The manticore is moderately wounded.
The manticore bites you!
* * * LOW HITPOINT WARNING * * *
The manticore claws you but does no damage.
The manticore completely misses you.
The deep elf pyromancer gestures wildly while chanting.
You hit the manticore. You drain the manticore.
The manticore is heavily wounded.
The manticore closely misses you. You block the manticore's attack.
The manticore completely misses you.
As you read the scroll labelled PUCULE XIRU, it crumbles to dust.
You assume a fearsome visage.
The fire elemental is unaffected. x2
The deep elf pyromancer looks frightened!
The manticore easily resists.
It was a scroll of fear.
The deep elf pyromancer casts a spell.
The deep elf pyromancer blinks!
The manticore barely misses you. You block the manticore's attack. x2
You hit the manticore. You drain the manticore. You punch the manticore.
The manticore is heavily wounded.
You carefully extract the barbed spikes from your body.
The manticore bites you!
You die...

.# c.#.# .# #...........
.###'###.# #
#####........#.. ........
......##........ ..##M###
# .# #........... ........
.#. #....#####.. ..###.##
###..####...).# #..
.....(.. ...##.#☼.....#
#.. .#.####.
#.##.###.#.#...# #.) ..##
#..@HEE☼°.....# #.. ..#..
.. #.###'###°....# ##. .##
.##.### ...#P....#.#.###
## .#
.#.##.###..#.###.#.#.# #
†####.#...####.#.#[#.#...#
.#.......#.##..#.#+#.#..##
.#.#..###....#.#P. .P#.##
.........##.##.#######.#
.......†...............#


You could see a manticore (drained) and 2 fire elementals.

Vanquished Creatures
  A boulder beetle (D:7)
  Grinder (D:3)
  Sigmund (D:2)
  A wyvern (D:7)
  A yak (D:7)
  3 steam dragons (D:7)
  Menkaure (D:7)
  2 water moccasins
  6 orc warriors (Bailey)
  3 ice beasts
  3 sky beasts
  A black bear (D:4)
  4 ogres
  13 centaurs
  2 phantoms (D:5)
  Blork the orc (D:6)
  A kobold brigand (D:7)
  5 bullfrogs
  3 wights (D:6)
  4 jellies
  3 centaur zombies (Ossuary)
  Crazy Yiuf (D:6)
  A gnoll bouda (D:7)
  3 hounds
  2 sleepcaps (D:5)
  3 iguanas
  2 orc wizards (D:5)
  Natasha (thrice) (D:4)
  2 mummies (Ossuary)
  Robin (D:3)
  12 gnolls
  6 adders
  A shadow imp (D:6)
  4 white imps
  An ufetubus (D:5)
  2 adder zombies (Ossuary)
  A worm (D:3)
  A dart slug (D:3)
  40 orcs
  8 bats
  9 endoplasms
  3 giant cockroaches
  17 goblins
  11 hobgoblins
  9 jackals
  4 quokkas
  5 ball pythons
  A frilled lizard (D:3)
  2 goblin zombies (Ossuary)
  10 hobgoblin zombies (Ossuary)
  A jackal zombie (Ossuary)
  14 kobolds
  13 kobold zombies (Ossuary)
  5 orc zombies (Ossuary)
  4 rats (D:1)
  A rat zombie (Ossuary)
263 creatures vanquished.

Notes
Turn   | Place    | Note
-------+----------+-------------------------------------------
     0 | D:1      | KittyFluff the Gargoyle Berserker began the quest for the
                  | Orb.
     0 | D:1      | Reached XP level 1. HP: 14/14 MP: 1/1
   311 | D:1      | Reached XP level 2. HP: 19/19 MP: 2/2
   454 | D:1      | Found a faded altar of an unknown god.
   552 | D:1      | Found Xouqi's Weapon Shop.
   629 | D:1      | Found Byab Duo's General Store.
   697 | D:1      | Reached XP level 3. HP: 23/23 MP: 3/3
   773 | D:1      | Found Dush's Jewellery Shop.
  1056 | D:2      | You fall into a shaft and drop 1 floor!
  1057 | D:3      | Noticed Grinder
  1075 | D:3      | Paralysed by Grinder for 5 turns
  1084 | D:3      | Killed Grinder
  1085 | D:3      | Reached XP level 4. HP: 4/30 MP: 4/4
  1085 | D:3      | Reached XP level 5. HP: 5/34 MP: 5/5
  1085 | D:3      | Reached XP level 6. HP: 6/39 MP: 6/6
  1242 | D:3      | Reached ** piety under Trog
  1273 | D:3      | Found a hide-covered altar of Uskayaw.
  1320 | D:2      | Noticed Sigmund
  1320 | D:2      | Noticed Robin
  1360 | D:3      | Killed Robin
  1442 | D:2      | Killed Sigmund
  1443 | D:2      | Reached skill level 5 in Fighting
  1443 | D:2      | Reached XP level 7. HP: 39/44 MP: 7/7
  2397 | D:3      | Reached *** piety under Trog
  2515 | D:4      | Identified the +1 ring mail of Grand Salvation {+Inv Dex+4}
  2894 | D:4      | Found a staircase to the Ecumenical Temple.
  3239 | D:4      | Noticed Natasha
  3246 | D:4      | Killed Natasha
  3247 | D:4      | Reached skill level 5 in Maces & Flails
  3247 | D:4      | Reached skill level 5 in Armour
  3435 | D:4      | Found a runed translucent gate.
  3435 | D:4      | Found a runed translucent gate.
  3435 | D:4      | Found a runed translucent gate.
  3437 | D:4      | Noticed ShellytheWitch's ghost (novice KoBr)
  3462 | D:4      | Found a broken altar of Ashenzari.
  3735 | D:4      | Noticed Natasha
  3743 | D:4      | Killed Natasha
  3744 | D:4      | Reached XP level 8. HP: 51/51 MP: 8/8
  3802 | D:4      | Noticed Natasha
  3816 | D:4      | Killed Natasha
  3825 | D:5      | Entered Level 5 of the Dungeon
  4091 | D:5      | Reached skill level 1 in Ranged Weapons
  5034 | D:5      | Found a sparkling altar of Nemelex Xobeh.
  5123 | D:5      | HP: 3/78 [acid (1)]
  5363 | D:5      | Reached XP level 9. HP: 51/56 MP: 9/9
  5515 | D:6      | Found a sand-covered staircase.
  5521 | Ossuary  | Entered an ossuary
  5536 | Ossuary  | Reached **** piety under Trog
  6617 | D:6      | Found a shadowy altar of Dithmenos.
  6683 | D:6      | Identified the staff of air "Yhaohok" {rElec rC+ rN+}
  6785 | D:6      | Noticed Blork the orc
  6800 | D:6      | Killed Blork the orc
  6817 | D:6      | Found a runed translucent door.
  6818 | D:6      | Noticed Crazy Yiuf
  6846 | D:6      | Killed Crazy Yiuf
  7069 | D:7      | Reached skill level 5 in Dodging
  7072 | D:7      | Found a flagged portal.
  7179 | D:7      | Reached ***** piety under Trog
  7197 | D:7      | Reached XP level 10. HP: 43/63 MP: 10/10
  7218 | D:7      | Noticed Menkaure
  7252 | D:7      | Killed Menkaure
  7440 | Bailey   | Entered a bailey
  8239 | Bailey   | Identified the +5 triple sword of the Mouth {elec, Fly
                  | rPois Dex+2}
  8418 | D:7      | Noticed a boulder beetle
  8460 | D:7      | Killed a boulder beetle
  8461 | D:7      | Reached skill level 5 in Ranged Weapons
  8492 | D:7      | Noticed a deep elf pyromancer
  8493 | D:7      | Noticed a manticore
  8509 | D:7      | Slain by a manticore

Illustrated notes

Levels and vault maps discovered:
D:1:      beargit_arrival_diablo_church, layout_basic,
          shapermc_ecumenical_altar_pompeii, serial_shops, nicolae_diamond_shop,
          nicolae_diamond_shop, shop, minmay_strange_pillars,
          minmay_tetromino_o4
D:2:      layout_basic, uniq_sigmund, uniq_robin
D:3:      layout_rooms, eat_drink_and_be_merry_uskayaw, uniq_grinder
D:4:      layout_basic, ashenzari_conservatory_becter,
          minmay_temple_entry_enclosed_plants, gammafunk_ghost_nasty_kobolds,
          minmay_fractal_squares_diagonal_5, uniq_natasha
D:5:      kennysheep_six_static_rooms, layout_loops_ring,
          mainiacjoe_overflow_catwalk, st_stairs_9
D:6:      layout_loops_ring, mainiacjoe_overflow_cross_hatched,
          nicolae_ossuary_entry_plus, uniq_crazy_yiuf_cottage,
          uniq_blork_the_orc
D:7:      layout_rooms, gammafunk_ghost_hive, enter_bailey_8,
          minmay_shattered_shrine, uniq_menkaure

Skill      XL: |  1  2  3  4  5  6  7  8  9 10 |
---------------+-------------------------------+-----
Dodging        | 2 3 4 5 |  5.8
Fighting       | 4 5 6 7 8 |  8.2
Maces & Flails | 4 5 6 7 9 |  9.1
Armour         | 3 4 5 6 8 9 |  9.6
Ranged Weapons | 2 3 5 |  5.0

Action                     |  1- 3 |  4- 6 |  7- 9 | 10-12 || total
---------------------------+-------+-------+-------+-------++-------
  Melee: Mace              |    88 |    87 |   403 |       ||   578
         Punch             |       |       |     8 |     3 ||    11
         Flail             |       |       |   268 |   238 ||   506
   Fire: Sling             |       |       |       |   122 ||   122
  Throw: Boomerang         |       |       |       |    37 ||    37
         Dart              |       |       |       |     7 ||     7
 Invoke: Berserk           |     1 |       |     6 |       ||     7
         Trog's Hand       |       |       |       |     2 ||     2
    Use: Scroll            |       |       |     6 |     1 ||     7
         Potion            |       |       |       |     3 ||     3
 Armour: Animal skin       |    31 |     6 |       |       ||    37
         Leather armour    |       |    31 |   206 |    25 ||   262
         Steam dragon scal |       |       |       |   117 ||   117
  Dodge: Dodged            |    74 |    90 |   656 |   358 ||  1178
  Block: Other             |     1 |    26 |   189 |    99 ||   315
         Reflection        |       |       |     4 |     2 ||     6
